 Dungeon Crawl Stone Soup version 0.28.0-1-gb440e238dd (webtiles) character file.

Game seed: 14982229575692908396

90680 pkoi the Stormcaller (level 15, -1/124 HPs)
             Began as a Pale Draconian Air Elementalist on Feb 27, 2022.
             Was an Elder of Sif Muna.
             Killed by an exploding ball lightning (8 damage)
             ... on level 1 of the Swamp.
             The game lasted 01:02:06 (43954 turns).

pkoi the Stormcaller (DrAE)                        Turns: 43954, Time: 01:02:07

Health: -1/124     AC: 15    Str: 11    XL:     15   Next: 52%
Magic:  14/29      EV: 19    Int: 25    God:    Sif Muna [****..]
Gold:   1084       SH:  0    Dex: 17    Spells: 11/34 levels left

rFire   + . .      SeeInvis +   a - staff of air
rCold   . . .      Faith    .   (no shield)
rNeg    . . .      Spirit   .   (armour unavailable)
rPois   .          Reflect  .   H - +1 hat {SInv}
rElec   +          Harm     .   d - +0 cloak
rCorr   .          Rampage  .   X - +2 pair of gloves of Midsummer {rF+ Int+2 Dex+6}
Will    +....                   J - +0 pair of boots {Stlth+}
Stlth   +++.......              A - amulet of regeneration
HPRegen 1.10/turn               r - +4 ring of slaying
MPRegen 0.21/turn               v - ring of flight

@: flying, studying Slings, invisible
A: breathe steam, AC +9, unfitting armour, cold-blooded, steam resistance
a: Breathe Steam, Renounce Religion, Channel Magic, Forget Spell, Divine
Exegesis


You were on level 1 of the Swamp.
You worshipped Sif Muna.
Sif Muna was greatly pleased with you.
You visited 5 branches of the dungeon, and saw 23 of its levels.
You also visited: Sewer and Bailey.

You collected 2884 gold pieces.
You spent 1800 gold pieces at shops.

Inventory:

Hand Weapons
 b - a +3 spectral lajatang
 c - a +0 whip
 k - a +0 dagger of venom
 w - the +9 staff of Olgreb {rPois∞}
   (You bought it in a shop on level 2 of the Orcish Mines)

   If the wielder is skilled in Evocations, they can envenom those struck by it,
   dealing poison damage which bypasses armour.
   It enhances your poison magic.
   It grants immunity to poison.
   It can be activated via the 'a'bility menu to radiate toxic energy, with
   effectiveness depending on Evocations skill.
Missiles
 g - 12 curare-tipped darts
 j - 2 throwing nets
Armour
 d - a +0 cloak (worn)
 x - a +0 pair of boots of flying
 H - a +1 hat of see invisible (worn)
 J - a +0 pair of boots of stealth (worn)
 X - the +2 pair of gloves of Midsummer (worn) {rF+ Int+2 Dex+6}
   (You found it on level 1 of the Swamp)

   Int:       It affects your intelligence (+2).
   Dex:       It affects your dexterity (+6).
   rF:        It protects you from fire.
Magical Staves
 a - a staff of air (weapon)
Jewellery
 f - a ring of ice
 r - a +4 ring of slaying (left hand)
 u - a ring of protection from fire
 v - a ring of flight (right hand)
 A - an amulet of regeneration (around neck)
 B - a ring of resist corrosion
 K - the amulet of Hepibi {Spirit Dex+5}
   (You found it on level 11 of the Dungeon)

   [amulet of guardian spirit]

   It causes incoming damage to be divided between your reserves of health and
   magic.
   Dex:       It affects your dexterity (+5).
 T - an amulet of faith
Wands
 i - a wand of iceblast (16)
 q - a wand of acid (11)
 C - a wand of digging (9)
 D - a wand of mindburst (4)
 G - a wand of paralysis (15)
 L - a wand of flame (43)
 N - a wand of charming (9)
 R - a wand of polymorph (3)
Scrolls
 h - a scroll of fear
 n - 10 scrolls of identify
 F - 4 scrolls of fog
 I - a scroll of silence
 P - 4 scrolls of amnesia
 Q - a scroll of enchant weapon
 S - 2 scrolls of magic mapping
 W - a scroll of summoning
Potions
 e - 2 potions of ambrosia
 l - a potion of heal wounds
 m - 9 potions of flight
 o - 9 potions of curing
 p - 2 potions of magic
 s - 2 potions of brilliance
 z - 2 potions of attraction
 O - a potion of might
 U - a potion of cancellation
 V - a potion of haste
Miscellaneous
 y - a lightning rod (4/4)
 E - a phantom mirror


   Skills:
 - Level 9.0 Fighting
 + Level 1.6 Staves
 - Level 12.0 Dodging
 - Level 1.7 Stealth
 - Level 10.4 Spellcasting
 + Level 7.4 Conjurations
 + Level 5.0 Translocations
 + Level 1.6 Transmutations
 + Level 2.0 Fire Magic
 + Level 3.8 Ice Magic
 - Level 19.0 Air Magic
 + Level 1.7 Poison Magic
 + Level 6.6 Invocations
 + Level 1.8 Evocations


You had 11 spell levels left.
You knew the following spells:

 Your Spells              Type           Power      Damage    Failure   Level
a - Shock                 Conj/Air       100%       1d9       1%          1
b - Swiftness             Air            100%       N/A       0%          3
c - Airstrike             Air            52%        N/A       1%          4
d - Apportation           Tloc           76%        N/A       1%          1
e - Freezing Cloud        Conj/Ice/Air   38%        6-21      1%          5
f - Conjure Ball Lightni  Conj/Air       43%        3x3d15    3%          6
g - Ignite Poison         Fire/Tmut/Pois 22%        N/A       7%          3

Your spell library contained the following spells:

 Spells                   Type           Power      Damage    Failure   Level
 Magic Dart               Conj           100%       1d8       1%          1
 Searing Ray              Conj           100%       2d8       1%          2
 Static Discharge         Conj/Air       87%        N/A       1%          2
 Gell's Gravitas          Tloc           38%        N/A       1%          3
 Lesser Beckoning         Tloc           38%        N/A       1%          3
 Mephitic Cloud           Conj/Pois/Air  74%        N/A       1%          3
 Teleport Other           Tloc           38%        N/A       1%          3
 Lightning Bolt           Conj/Air       43%        1d63      1%          5
 Beastly Appendage        Tmut           42%        N/A       2%          1
 Silence                  Hex/Air        37%        N/A       2%          5
 Ensorcelled Hibernation  Hex/Ice        44%        N/A       3%          2
 Wereblood                Tmut           21%        N/A       3%          2
 Stone Arrow              Conj/Erth      62%        3d10      3%          3
 Animate Skeleton         Necr           26%        N/A       4%          1
 Slow                     Hex            52%        N/A       4%          1
 Summon Small Mammal      Summ           52%        N/A       4%          1
 Passwall                 Tmut/Erth      14%        N/A       4%          2
 Passage of Golubria      Tloc           38%        N/A       6%          4
 Iskenderun's Battlesphe  Conj           50%        2d10      6%          5
 Spider Form              Tmut/Pois      21%        N/A       7%          3
 Fulminant Prism          Conj/Hex       15%        3d11      11%         4
 Maxwell's Capacitive Co  Air            52%        ∞         12%         8
 Confusing Touch          Hex            13%        N/A       14%         3
 Summon Guardian Golem    Hex/Summ       13%        N/A       14%         3
 Vampiric Draining        Necr           13%        2d6       14%         3
 Manifold Assault         Tloc           38%        N/A       17%         5
 Fireball                 Conj/Fire      18%        3d9       19%         5
 Summon Forest            Summ/Tloc      12%        N/A       43%         5
 Alistair's Intoxication  Tmut/Pois      14%        N/A       54%         5
 Dispersal                Tloc           19%        N/A       67%         6
 Borgnjor's Vile Clutch   Necr/Erth      6%         N/A       78%         5
 Summon Mana Viper        Hex/Summ       13%        N/A       78%         5
 Orb of Destruction       Conj           25%        9d9       88%         7
 Summon Cactus Giant      Summ           6%         N/A       100%        6
 Spellforged Servitor     Conj/Summ      15%        N/A       100%        7


Dungeon Overview and Level Annotations

Branches:
Dungeon (12/15)            Temple (1/1) D:6            Lair (6/6) D:11
  Swamp (2/4) Lair:4        Snake (0/4) Lair:2        Slime (0/5) Lair:5
    Orc (2/2) D:9             Elf (0/3) Orc:2         Sewer (visited)
 Bailey (visited)

Altars:
Ashenzari
Cheibriados
Dithmenos
Elyvilon
Fedhas
Gozag
Hepliaklqana
Kikubaaqudgha
Makhleb
Nemelex Xobeh
Okawaru
Qazlal
Ru
Sif Muna
Trog
Uskayaw
Vehumet
Wu Jian
Xom
Yredelemnul
Zin
The Shining One
Beogh

Shops:
Orc:2 ((((

Annotations:
D:10 3 runed translucent doors, chmiii's ghost, novice TrHu
D:12 1 runed translucent door
Orc:1 3 runed translucent doors, Jenx's ghost, journeyman MiFi


Innate Abilities, Weirdness & Mutations

You can breathe blasts of scalding, opaque steam.
Your pale cyan-grey scales are hard. (AC +9)
You cannot fit into any form of body armour.
You are cold-blooded and may be slowed by cold attacks.
You are immune to the effects of steam.


Message History

The floor.
As you read the scroll of fear, it crumbles to dust.
You assume a fearsome visage.
The eleionoma resists with some effort.
The eleionoma barely misses you.
Okay, then.
Unknown command.
Press: ? - help, v - describe, . - travel
Here: an eleionoma (moderately wounded)
The floor.
You fade into invisibility!
The eleionoma closely misses you.
The eleionoma hurls a spray of splinters at you.
The spray of wooden splinters misses you.
Casting: Conjure Ball Lightning (dangerous; 3% risk of failure)
Confirm with . or Enter, or press ? or * to list all spells.
You feel a surge of power!
You create some ball lightning! 3 ball lightnings come into view.
The eleionoma hurls a spray of splinters at you.
The spray of wooden splinters hits your ball lightning!!
The spray of wooden splinters misses you.
Your ball lightning explodes!
The blast of lightning engulfs you. You resist.
* * * LOW HITPOINT WARNING * * *
The blast of lightning engulfs the eleionoma!
The eleionoma is heavily wounded.
Unknown command.
The eleionoma flows through the trees.
Your ball lightning explodes!
The blast of lightning engulfs you. You resist.
* * * LOW HITPOINT WARNING * * *
The blast of lightning engulfs your ball lightning.
Your ball lightning completely resists.
The blast of lightning engulfs the eleionoma!!
The eleionoma is severely wounded.
Your ball lightning explodes!
The blast of lightning engulfs the eleionoma!!
You kill the eleionoma!
Sif Muna accepts your kill. The blast of lightning engulfs you! You resist.
You die...

♣♣♣♣♣♣ ♣♣♣♣ ♣♣....♣♣♣♣♣ ♣♣♣ ...♣
♣♣.≈≈≈≈.♣♣≈♣♣ ♣≈♣♣ ≈≈.♣
♣♣≈.≈≈≈≈..≈≈.♣♣ ♣..♣ ≈≈.♣
♣.≈≈.≈≈.>≈≈≈..♣♣♣≈.♣♣♣ ..≈♣
♣♣♣...≈..≈≈≈≈....≈...♣♣ ≈.♣♣♣
♣♣♣♣≈≈≈@≈≈≈≈≈..≈≈≈≈≈...≈ ≈≈..♣
♣...§≈.≈≈.≈§≈≈.≈≈≈...... ≈≈..♣
♣...§≈.§≈.≈≈≈≈....>.≈♣≈. ≈≈.≈♣
♣....≈≈≈...≈≈≈......^... ≈≈≈♣♣♣♣
♣.≈≈.......≈≈≈.........≈
≈§≈♣♣≈♣♣♣♣.≈≈.≈♣♣♣♣≈.......≈≈≈..≈
≈..♣♣..≈♣♣....♣♣♣ ♣♣≈≈≈≈..≈§≈≈≈..
...♣≈..♣♣≈..≈≈.≈♣ ♣♣.≈≈≈.≈≈≈≈≈≈.
§≈..♣♣♣♣♣..≈≈≈..♣ ♣...§≈.≈≈.>.≈≈


There were no monsters in sight!

Vanquished Creatures
  Gastronok (D:11)
  A sphinx (D:11)
  A dire elephant (Lair:5)
  3 eleionomae (Swamp:1)
  3 bunyips
  Snorg (D:12)
  Josephine (Swamp:1)
  A yaktaur captain (D:11)
  Harold (D:11)
  Erolcha (D:11)
  13 hydras
  A catoblepas (Lair:4)
  3 centaur warriors
  3 two-headed ogres
  2 alligators (Swamp:1)
  An orc high priest (Orc:1)
  A tengu warrior (D:12)
  A skeletal warrior (D:11)
  A goliath frog (Swamp:1)
  A swamp dragon (Swamp:1)
  6 orc knights
  2 deep elf pyromancers
  6 lindwurms
  An orc sorcerer (Orc:2)
  An ugly thing (D:12)
  A will-o-the-wisp (Swamp:1)
  4 cyclopes
  35 elephants
  A black mamba (Lair:2)
  20 cane toads
  A water nymph (shapeshifter) (D:11)
  2 gargoyles
  Maggie (Lair:2)
  4 komodo dragons
  A kobold demonologist (D:10)
  5 rime drakes
  An unseen horror (D:12)
  An efreet (D:11)
  7 trolls
  A meliai (D:12)
  6 polar bears
  3 hornets
  4 tyrant leeches
  Grinder (D:4)
  2 slime creatures (D:12)
  23 blink frogs
  6 dream sheep (Lair:6)
  3 spriggans
  2 centaur simulacra (D:11)
  7 wraiths
  A shadow (D:11)
  A water elemental (D:12)
  45 yaks
  3 basilisks
  Grum (D:8)
  3 wyverns
  4 steam dragons
  5 vampire mosquitoes (Lair:6)
  2 nagas (Lair:2)
  Edmund (D:4)
  10 swamp worms
  An acid dragon (D:8)
  13 water moccasins
  31 orc warriors
  A swamp drake (Swamp:1)
  2 black bears
  An ice beast (D:7)
  A necrophage (D:8)
  A boggart (D:11)
  6 ogres
  19 wolves
  11 centaurs
  A phantom (D:5)
  5 kobold brigands
  21 bullfrogs
  4 scorpions
  5 electric eels
  A howler monkey (D:12)
  5 centaur zombies
  2 hounds
  2 jellies
  9 orc priests
  2 centaur skeletons
  A bullfrog skeleton (D:6)
  5 iguanas
  17 orc wizards
  A howler monkey zombie (D:6)
  A howler monkey skeleton (D:7)
  4 adders
  8 gnolls
  10 river rats
  A shadow imp (D:5)
  2 white imps (D:6)
  5 worms
  6 dart slugs
  44 orcs
  3 ball pythons
  5 endoplasms
  3 giant cockroaches
  13 goblins
  8 hobgoblins
  4 jackals
  8 quokkas
  2 bats (D:1)
  6 frilled lizards
  39 kobolds
  31 rats
646 creatures vanquished.

Vanquished Creatures (collateral kills)
  A cyclops (D:11)
  A ball lightning (Orc:2)
2 creatures vanquished.

Vanquished Creatures (others)
  An orc wizard (Orc:1)
  77 ball lightnings
  A bush (Lair:6)
  6 foxfires (Swamp:2)
  141 fungi
  231 plants
  3 toadstools (D:8)
460 creatures vanquished.

Grand Total: 1108 creatures vanquished

Notes
Turn   | Place    | Note
-------+----------+-------------------------------------------
     0 | D:1      | pkoi the Draconian Air Elementalist began the quest for the
                  | Orb.
     0 | D:1      | Reached XP level 1. HP: 14/14 MP: 3/3
   263 | D:1      | Found a faded altar of an unknown god.
   399 | D:1      | Reached XP level 2. HP: 20/20 MP: 5/5
   630 | D:1      | Reached skill level 4 in Air Magic
   797 | D:2      | Reached XP level 3. HP: 25/26 MP: 6/6
  1144 | D:2      | Reached skill level 5 in Air Magic
  1144 | D:2      | Reached XP level 4. HP: 18/33 MP: 7/7
  1646 | D:3      | Found a shadowy altar of Dithmenos.
  1785 | D:3      | Reached XP level 5. HP: 29/38 MP: 8/8
  1789 | D:3      | Reached skill level 6 in Air Magic
  1901 | D:3      | Found a burning altar of Makhleb.
  2150 | D:4      | Noticed Grinder
  2151 | D:4      | Found a blossoming altar of Fedhas.
  2156 | D:4      | Killed Grinder
  2157 | D:4      | Reached skill level 7 in Air Magic
  2157 | D:4      | Reached XP level 6. HP: 43/45 MP: 9/9
  2206 | D:4      | Found a glowing drain.
  2215 | Sewer    | Entered a sewer
  2356 | Sewer    | Found a white marble altar of Elyvilon.
  2474 | D:4      | Noticed Edmund
  2480 | D:4      | Learned a level 3 spell: Swiftness
  2485 | D:4      | Learned a level 4 spell: Airstrike
  2498 | D:4      | Killed Edmund
  2499 | D:4      | Reached skill level 8 in Air Magic
  2499 | D:4      | Your scales start taking on a pale cyan-grey colour.
  2499 | D:4      | Reached skill level 9 in Air Magic
  2499 | D:4      | Reached XP level 7. HP: 39/50 MP: 2/10
  2499 | D:4      | Gained mutation: You are immune to the effects of steam.
                  | [Pale Draconian growth]
  2718 | D:4      | Learned a level 1 spell: Apportation
  3007 | D:5      | Entered Level 5 of the Dungeon
  3097 | D:5      | Reached skill level 1 in Fighting
  3099 | D:5      | Reached skill level 1 in Translocations
  3544 | D:5      | Reached XP level 8. HP: 52/61 MP: 11/11
  4153 | D:5      | Found a sparkling altar of Nemelex Xobeh.
  4162 | D:5      | Reached skill level 10 in Air Magic
  4761 | D:6      | Found a staircase to the Ecumenical Temple.
  4781 | Temple   | Entered the Ecumenical Temple
  5069 | Temple   | Became a worshipper of Sif Muna the Loreminder
  5382 | D:6      | Found a basalt altar of Yredelemnul.
  5417 | D:6      | Reached XP level 9. HP: 69/73 MP: 12/12
  5574 | D:7      | Reached skill level 5 in Fighting
  5600 | D:7      | Found a snail-covered altar of Cheibriados.
  6285 | D:7      | Reached skill level 5 in Dodging
  6296 | D:7      | Reached skill level 11 in Air Magic
  6753 | D:8      | Found an ancient bone altar of Kikubaaqudgha.
  6887 | D:8      | Found a flagged portal.
  6896 | Bailey   | Entered a bailey
  6912 | Bailey   | Reached * piety under Sif Muna
  7146 | Bailey   | Noticed an orc knight
  7463 | Bailey   | Noticed an orc knight
  8365 | Bailey   | Killed an orc knight
  8750 | Bailey   | Killed an orc knight
  8751 | Bailey   | Reached XP level 10. HP: 84/84 MP: 1/16
  9065 | D:8      | Found a bloodstained altar of Trog.
  9756 | D:8      | Found a shimmering altar of Xom.
 10051 | D:8      | Noticed Grum
 10066 | D:8      | Killed Grum
 10663 | D:9      | Reached skill level 12 in Air Magic
 11572 | D:9      | Found a staircase to the Orcish Mines.
 11751 | D:9      | Reached skill level 5 in Spellcasting
 12186 | D:9      | Found an ornate altar of the Wu Jian Council.
 12213 | D:9      | Found a white marble altar of Elyvilon.
 12341 | D:10     | Entered Level 10 of the Dungeon
 13026 | D:10     | Noticed a two-headed ogre
 13030 | D:10     | Killed a two-headed ogre
 13215 | D:10     | Reached ** piety under Sif Muna
 13216 | D:10     | Reached XP level 11. HP: 95/95 MP: 3/19
 13761 | D:10     | Found a runed translucent gate.
 13812 | D:10     | Found a runed translucent gate.
 13812 | D:10     | Found a runed translucent gate.
 13814 | D:10     | Noticed chmiii's ghost (novice TrHu)
 13814 | D:10     | Noticed an 11-headed hydra
 13972 | D:10     | Found a glowing golden altar of the Shining One.
 14301 | D:11     | Noticed a two-headed ogre
 14311 | D:11     | Killed a two-headed ogre
 14839 | D:11     | Noticed a five-headed hydra
 14844 | D:11     | Killed a five-headed hydra
 15059 | D:11     | Noticed a skeletal warrior
 15195 | D:11     | Noticed Gastronok
 15322 | D:11     | Killed Gastronok
 15323 | D:11     | Reached skill level 13 in Air Magic
 15539 | D:11     | Noticed a deep elf pyromancer
 15578 | D:11     | Killed a deep elf pyromancer
 16347 | D:11     | Found a staircase to the Lair.
 16394 | D:11     | Killed a skeletal warrior
 16543 | D:11     | Noticed Erolcha
 16549 | D:11     | Killed Erolcha
 17019 | D:11     | Noticed a yaktaur captain
 17043 | D:11     | Killed a yaktaur captain
 17299 | D:11     | Noticed Harold
 17305 | D:11     | Killed Harold
 17564 | D:11     | Reached XP level 12. HP: 104/104 MP: 14/23
 17684 | D:11     | Noticed a sphinx
 17700 | D:11     | Killed a sphinx
 17701 | D:11     | Reached skill level 14 in Air Magic
 18046 | D:11     | Identified the +6 spear of the Leaping Saviour {drain, Fly
                  | rPois rF- Will+}
 18119 | D:11     | Identified the amulet of Hepibi {Spirit Dex+5}
 18198 | Lair:1   | Entered Level 1 of the Lair of Beasts
 18481 | Lair:1   | Noticed a five-headed hydra
 18500 | Lair:1   | Killed a five-headed hydra
 20111 | Lair:2   | Found a staircase to the Snake Pit.
 20410 | Lair:2   | Noticed a six-headed hydra
 20443 | Lair:2   | Killed a six-headed hydra
 20444 | Lair:2   | Reached skill level 10 in Dodging
 20728 | Lair:2   | Noticed Maggie
 20732 | Lair:2   | Killed Maggie
 20748 | Lair:2   | Reached skill level 15 in Air Magic
 22800 | Lair:3   | Noticed a six-headed hydra
 22804 | Lair:3   | Killed a six-headed hydra
 22805 | Lair:3   | Reached XP level 13. HP: 111/111 MP: 9/26
 24101 | Lair:4   | Reached skill level 16 in Air Magic
 24321 | Lair:4   | Reached *** piety under Sif Muna
 26318 | Lair:4   | Reached skill level 17 in Air Magic
 27310 | Lair:4   | Found a staircase to the Swamp.
 28272 | Lair:4   | Reached **** piety under Sif Muna
 28722 | Lair:5   | Reached skill level 18 in Air Magic
 29196 | Lair:5   | Noticed a dire elephant
 29364 | Lair:5   | Reached XP level 14. HP: 118/118 MP: 7/27
 29471 | Lair:5   | Found a staircase to the Slime Pits.
 29975 | Lair:5   | Identified the +11 long sword of the Final Decision {drain,
                  | Fragile rElec rC+}
 31720 | Lair:6   | Entered Level 6 of the Lair of Beasts
 32831 | Lair:5   | Reached ***** piety under Sif Muna
 32832 | Lair:5   | Reached skill level 19 in Air Magic
 33270 | Lair:6   | Reached skill level 1 in Invocations
 33530 | Lair:6   | Received a gift from Sif Muna
 33533 | Lair:6   | Got Sif Muna's Handbook of Feathers {god gift}
 33995 | Lair:6   | Reached skill level 5 in Conjurations
 36496 | Lair:6   | Learned a level 5 spell: Freezing Cloud
 36503 | Lair:6   | Learned a level 6 spell: Conjure Ball Lightning
 36843 | D:12     | Reached skill level 10 in Spellcasting
 37065 | D:12     | Noticed Snorg
 37258 | D:12     | Reached skill level 5 in Invocations
 37421 | D:12     | Reached skill level 1 in Ice Magic
 37809 | D:12     | Killed Snorg
 38389 | D:12     | Reached XP level 15. HP: 99/124 MP: 2/29
 38405 | D:12     | Found a runed translucent door.
 38652 | Orc:1    | Entered Level 1 of the Orcish Mines
 38664 | Orc:1    | Received a gift from Sif Muna
 38882 | Orc:1    | Got Sif Muna's Volume of the Quantum Rocks {god gift}
 38903 | Orc:1    | Found a runed translucent gate.
 38904 | Orc:1    | Found a runed translucent gate.
 38905 | Orc:1    | Noticed Jenx's ghost (journeyman MiFi)
 38906 | Orc:1    | Found a runed translucent gate.
 39047 | Orc:2    | Entered Level 2 of the Orcish Mines
 39066 | Orc:2    | Found a staircase to the Elven Halls.
 40819 | Orc:1    | Paralysed by an orc sorcerer for 4 turns
 41629 | Orc:2    | Found Vulafu Wefiu's Weapon Shop.
 41629 | Orc:2    | Found Ekaakh's Weapon Shoppe.
 41631 | Orc:2    | Found Laofoim's Weapon Emporium.
 41633 | Orc:2    | Found Lugu's Antique Weapon Boutique.
 41640 | Orc:2    | Bought the +9 staff of Olgreb {rPois∞} for 1800 gold pieces
 41640 | Orc:2    | Found the +9 staff of Olgreb {rPois∞}
 41743 | Orc:2    | Learned a level 3 spell: Ignite Poison
 42112 | Swamp:1  | Entered Level 1 of the Swamp
 42159 | Lair:4   | Reached skill level 1 in Fire Magic
 42452 | Swamp:1  | Reached skill level 1 in Poison Magic
 42455 | Swamp:1  | Reached skill level 1 in Transmutations
 42455 | Swamp:1  | Reached skill level 1 in Evocations
 42460 | Lair:4   | Reached skill level 1 in Staves
 43141 | Swamp:1  | Noticed Josephine
 43148 | Swamp:1  | Killed Josephine
 43152 | Swamp:1  | Reached skill level 5 in Translocations
 43238 | Swamp:1  | Identified the +2 pair of gloves of Midsummer {rF+ Int+2
                  | Dex+6}
 43954 | Swamp:1  | Killed by an exploding ball lightning

Illustrated notes

Levels and vault maps discovered:
D:1:      tarquinn_simple_flora_water_e, layout_basic,
          shapermc_ecumenical_altar_mp_highgroup
D:2:      layout_basic
D:3:      layout_rooms, mainiacjoe_overflow_surrounded_room,
          mainiacjoe_overflow_catwalk, kennysheep_pointless_box,
          minmay_misc_feat_pillars
D:4:      layout_basic, fedhas_altar_1, portal_sewer_entry_e, uniq_grinder,
          uniq_edmund
D:5:      lemuel_ratsnest, layout_layer_cave, nemelex_dance_club_becter
D:6:      layout_cave_pools, lemuel_crystal_altar, minmay_temple_entry_slanted,
          minmay_fountain_box, grunt_ministairs_7
D:7:      layout_gridville, cheibriados_altar_1
D:8:      layout_loops_cross, mainiacjoe_overflow_boulevard, lemuel_round_altar,
          lemuel_crystal_altar, enter_bailey_6, corner_web_ring,
          minmay_gold_behind_fungi, uniq_grum
D:9:      minmay_angry_zag, layout_basic, mainiacjoe_overflow_two_lobes
D:10:     layout_irregular_city, nicolae_tso_swordbearing_angel,
          gammafunk_ghost_hydra_chop, evilmike_butchery
D:11:     minmay_box_of_curves, layout_loops_ring, uniq_harold, uniq_gastronok,
          uniq_erolcha
D:12:     minmay_the_grid_triangle_9x9_recursive_3_mashed
          [minmay_the_grid_triangle_9x9_windchime,
          minmay_the_grid_triangle_9x9_steps,
          minmay_the_grid_triangle_9x9_subtriangle,
          minmay_the_grid_triangle_9x9_prize_top_heavy,
          minmay_the_grid_triangle_9x9_minimal,
          minmay_the_grid_triangle_9x9_cache,
          minmay_the_grid_triangle_9x9_longest,
          minmay_the_grid_triangle_9x9_stretched_checkered,
          minmay_the_grid_triangle_9x9_warning], layout_basic, uniq_snorg
Temple:   eino_wide_crystal_templ
Lair:1:   layout_chaotic_city
Lair:2:   layout_roguey, guppyfry_snake_entry_garden, uniq_maggie
Lair:3:   layout_long_grid
Lair:4:   layout_long_grid, palyth_hydra_swamp_entry, minmay_lindwurm_lava
Lair:5:   mu_elephants_graveyard, layout_gridlike, slime_dummy,
          cheibrodos_lair_lostbears
Lair:6:   minmay_lair_end_frog_pond, layout_loops_ring,
          grunt_forest_small_clearing_treed
Swamp:1:  layout_basic_swamp, nicolae_swamp_well_well_well, uniq_josephine
Swamp:2:  layout_basic_swamp, portal_ice_cave_entry_ugly_swarm,
          evilmike_swamp_ruin_house_2
Orc:1:    layout_caves, biasface_ghost_orc_armoury
Orc:2:    st_orc_rangers, layout_caves, gauntlet_entry_generic

Skill      XL: |  1  2  3  4  5  6  7  8  9 10 11 12 13 14 15 |
---------------+----------------------------------------------+-----
Air Magic      | 4 5 7 9 10 11 12 13 15 18 19 | 19.0
Dodging        | 2 4 6 7 8 10 12 | 12.0
Fighting       | 2 4 6 8 9 |  9.0
Translocations | 2 3 5 |  5.0
Spellcasting   | 4 5 7 9 10 | 10.4
Conjurations   | 6 7 |  7.4
Invocations    | 5 6 |  6.6
Ice Magic      | 2 3 |  3.8
Fire Magic     | 2 |  2.0
Poison Magic   | 1 |  1.7
Transmutations | 1 |  1.6
Evocations     | 1 |  1.8
Staves         | 1 |  1.6
Stealth        | |  1.7

Action                   |  1- 3 |  4- 6 |  7- 9 | 10-12 | 13-15 || total
-------------------------+-------+-------+-------+-------+-------++-------
Melee: Unarmed           |     9 |       |       |       |       ||     9
       Tailslap          |     4 |     9 |    19 |    12 |    31 ||    75
       Lajatang          |    38 |    65 |   127 |    83 |   136 ||   449
       Staff             |       |       |       |       |     4 ||     4
 Cast: Shock             |    16 |       |     4 |     2 |       ||    22
       Airstrike         |       |     2 |    75 |   262 |   585 ||   924
       Apportation       |       |       |       |       |     6 ||     6
       Freezing Cloud    |       |       |       |       |     7 ||     7
       Conjure Ball Ligh |       |       |       |       |    29 ||    29
       Ignite Poison     |       |       |       |       |     3 ||     3
Invok: Channel Magic     |       |       |       |       |     1 ||     1
 Abil: Breathe Steam     |       |       |     1 |     2 |       ||     3
       Evoke the Staff o |       |       |       |       |     3 ||     3
  Use: Potion            |     1 |       |     1 |       |     3 ||     5
       Scroll            |     4 |     5 |     6 |     6 |     9 ||    30
 Stab: Sleeping          |     5 |     3 |     1 |       |       ||     9
       Distracted        |       |       |       |     1 |     2 ||     3
Armor: Skin              |    14 |    16 |    60 |    77 |   137 ||   304
Dodge: Dodged            |    21 |    37 |   117 |   149 |   343 ||   667
